 Dungeon Crawl Stone Soup version 0.21.0-3-g78d12a8 (webtiles) character file.

60 Suckerboh the Firebug (level 3, -11/19 HPs)
             Began as a Deep Elf Fire Elementalist on Jan 13, 2018.
             Mangled by an ogre
             ... wielding a +0 giant club
              (27 damage)
             ... on level 4 of the Dungeon.
             The game lasted 00:02:56 (1876 turns).

Suckerboh the Firebug (Deep Elf Fire Elementalist)  Turns: 1876, Time: 00:02:57

Health: -11/19     AC:  3    Str:  5    XL:     3   Next: 80%
Magic:  5/10       EV: 13    Int: 20    God:
Gold:   41         SH:  0    Dex: 15    Spells: 8/9 levels left

rFire    . . .     SeeInvis +   (no weapon)
rCold    . . .     Gourm    .   (no shield)
rNeg     . . .     Faith    .   a - +0 robe
rPois    .         Spirit   .   (no helmet)
rElec    .         Reflect  .   (no cloak)
rCorr    .         Harm     .   (no gloves)
MR       .....                  i - +0 pair of boots
Stlth    ++........             (no amulet)
HPRegen  0.06/turn              n - ring of see invisible
MPRegen  0.12/turn              (no ring)

@: no status effects
A: no striking features
a: no special abilities


You were on level 4 of the Dungeon.
You were hungry.

You visited 1 branch of the dungeon, and saw 3 of its levels.

You collected 41 gold pieces.

Inventory:

Armour
 a - a +0 robe (worn)
 i - a +0 pair of boots (worn)
Jewellery
 n - a ring of see invisible (left hand)
Scrolls
 e - 2 scrolls of identify {unknown}
 h - 2 scrolls of magic mapping {unknown}
 k - a scroll of blinking {unknown}
 l - a scroll of remove curse {unknown}
Potions
 d - a potion of brilliance {unknown}
 f - a potion of degeneration {unknown}
 g - a potion of haste {unknown}
 j - a potion of lignification {unknown}
 m - a potion of cancellation {unknown}
Books
 b - a book of Flames

   Spells                             Type                      Level
   a - Flame Tongue                   Conjuration/Fire             1
   b - Throw Flame                    Conjuration/Fire             2
   c - Conjure Flame                  Conjuration/Fire             3
   d - Inner Flame                    Hexes/Fire                   3
   e - Sticky Flame                   Conjuration/Fire             4
   f - Fireball                       Conjuration/Fire             5
Comestibles
 c - 3 rations


   Skills:
 + Level 0.1 Fighting
 + Level 3.1 Dodging
 - Level 2.4 Stealth
 + Level 3.5 Spellcasting
 * Level 2.2 Conjurations
 + Level 4.1 Fire Magic


You had 8 spell levels left.
You knew the following spells:

 Your Spells              Type           Power        Failure   Level  Hunger
a - Flame Tongue          Conj/Fire      ###..        3%          1    None


Dungeon Overview and Level Annotations

Branches:
Dungeon (2/15)

Altars:


Message History

The flame tongue misses the adder.
The flame tongue hits the ogre.
The ogre is lightly wounded.
The adder closely misses you.
Casting: Flame Tongue
Confirm with . or Enter, or press ? or * to list all spells.
Aiming: Flame Tongue
Press: ? - help, Shift-Dir - straight line, f/p - adder
Aim: an adder (severely wounded)
The flame tongue hits the adder.
You kill the adder!
Casting: Flame Tongue
Confirm with . or Enter, or press ? or * to list all spells.
Aiming: Flame Tongue
Press: ? - help, Shift-Dir - straight line, f - centaur skeleton
Aim: a centaur skeleton The flame tongue hits the centaur skeleton.
The centaur skeleton is lightly damaged.
The centaur skeleton hits you. The ogre hits you with a giant club!!
Ouch! That really hurt!
You die...

#. . #. #.##
#. ...##.##
#/.#..######
#.)........#
#........O.#
#........Z@#
############


You could see an ogre and a centaur skeleton.

Vanquished Creatures
  An adder (D:4)
  2 oozes (D:1)
  A dart slug (D:1)
  A leopard gecko (D:1)
  A ball python (D:1)
  6 bats (D:1)
  2 giant cockroaches
  6 hobgoblins (D:1)
  3 jackals (D:1)
  6 goblins (D:1)
  5 kobolds (D:1)
  A rat (D:2)
35 creatures vanquished.

Notes
Turn   | Place    | Note
-------+----------+-------------------------------------------
     0 | D:1      | Suckerboh the Deep Elf Fire Elementalist began the quest for the Orb.
     0 | D:1      | Reached XP level 1. HP: 10/10 MP: 6/6
   217 | D:1      | Reached XP level 2. HP: 11/15 MP: 0/8
   603 | D:1      | Reached XP level 3. HP: 8/19 MP: 0/9
  1141 | D:1      | Reached skill level 4 in Fire Magic
  1867 | D:2      | You fall through a shaft for 2 floors!
  1867 | D:4      | Noticed an ogre
  1876 | D:4      | Mangled by an ogre

Skill      XL: |  1  2  3 |
---------------+----------+-----
Dodging        | 3 |  3.1
Fire Magic     | 4 |  4.1
Conjurations   | 2 |  2.2
Fighting       | |  0.1
Stealth        | |  2.4
Spellcasting   | |  3.5

Action                   || total
-------------------------++-------
Melee: Unarmed           ||     7
 Cast: Flame Tongue      ||    73
  Eat: Chunk             ||     2
Armor: Robe              ||    10
Dodge: Dodged            ||    37
